 Dungeon Crawl Stone Soup version 0.31-a0-152-g6aa68a64a1 (webtiles) character file.

Game seed: 11362656547949988620

375 qw the Chopper (level 6, -15/38 HPs)
             Began as a Gargoyle Fighter on June 10, 2023.
             Demolished by an ogre
             ... wielding a +0 giant club
              (17 damage)
             ... on level 5 of the Dungeon.
             The game lasted 00:01:51 (3464 turns).

qw the Chopper (Gargoyle Fighter)                   Turns: 3464, Time: 00:01:52

Health: -15/38     AC: 18    Str: 20 (21) XL:     6   Next: 73%
Magic:  6/6        EV:  6    Int:  9      God:
Gold:   201        SH:  5    Dex: 14 (15) Spells: 5/5 levels left

rFire   . . .        Y - +0 war axe
rCold   + . .        c - +0 buckler
rNeg    + . .        r - +0 plate armour
rPois   inf          (helmet restricted)
rElec   +            (no cloak)
rCorr   .            i - +1 pair of gloves
SInv    .            (no boots)
Will    .....        (no amulet) Stlth
                     k - ring of protection from cold
HPRegen 0.26/turn    j - +6 ring of dexterity
MPRegen 0.10/turn

%: no passive effects
@: about to teleport
A: sickness immunity, AC +4, negative energy resistance 1, electricity
resistance, torment resistance 1, petrification resistance, antennae 1,
deterioration 1
a: no special abilities


You were on level 5 of the Dungeon.
You visited 1 branch of the dungeon, and saw 5 of its levels.

You collected 201 gold pieces.


Innate Abilities, Weirdness & Mutations

You are immune to sickness and miasma.
Your stone body is resilient. (AC +4)
You are immune to poison.
You resist negative energy. (rN+)
You are resistant to electric shocks. (rElec)
You are resistant to unholy torment.
You are immune to petrification.
You have a pair of small antennae on your head.
Your body sometimes deteriorates upon taking damage.


   Skills:
 - Level 4.2 Fighting
 + Level 5.6 Axes
 - Level 3.2 Armour
 - Level 1.4 Dodging
 - Level 3.2 Shields


You had 5 spell levels left.
You didn't know any spells.
Your spell library was empty.

Inventory:

Hand Weapons
 q - a +0 flail
 Y - a +0 war axe (weapon)
Armour
 c - a +0 buckler (worn)
 i - a +1 pair of gloves (worn)
 r - a +0 plate armour (worn)
Jewellery
 a - a ring of fire
 j - a +6 ring of dexterity (right hand)
 k - a ring of protection from cold (left hand)
Wands
 p - a wand of digging (5)
Scrolls
 b - a scroll of magic mapping {unknown}
Potions
 d - a potion of might
 e - a potion of mutation
 f - a potion of curing {unknown}
 l - a potion of attraction
 n - a potion of heal wounds {unknown}

Dungeon Overview and Level Annotations

Branches:
Dungeon (5/15)
 Temple: D:4-7

Altars:
Qazlal
Wu Jian
The Shining One

Shops:
D:1 (*?*


Message History

The scorpion is moderately wounded.
You block the scorpion's attack.
You barely miss the scorpion.
The scorpion is moderately wounded.
The scorpion closely misses you.
The scorpion stings you but does no damage.
You hit the scorpion.
The scorpion is heavily wounded.
The scorpion stings you but does no damage.
You hit the scorpion.
The scorpion is severely wounded.
You block the scorpion's attack.
The scorpion stings you but does no damage.
You slash the scorpion!
You kill the scorpion!
You feel your strength returning.
Your Dodging skill increases to level 1!
You now have enough gold to buy a potion of mutation on D:1.
You can access your shopping list by pressing '$'.
You now have 201 gold pieces (gained 12).
You see here the +1 spear of Tipemoaf {drain, rElec Will+ Int+2}.
Found a stone staircase leading down.
Found a falchion.
An ogre comes into view. It is wielding a +0 giant club.
The ogre shouts!
You barely miss the ogre.
The ogre hits you with a +0 giant club!!
Ouch! That really hurt!
Your body deteriorates!
You feel weakened.
You hit the ogre.
The ogre is lightly wounded.
The ogre hits you with a +0 giant club!
Your body deteriorates!
You feel clumsy.
3463 ||| READING scroll of teleportation.
As you read the scroll of teleportation, it crumbles to dust.
You feel strangely unstable.
You hit the ogre.
The ogre is lightly wounded.
The ogre hits you with a +0 giant club!
You die...

#.. #.. #.# #
##.## ... ..>#
....###..#
.........#
.....)O@.##
...#####..##
####...##
#.......#
#.......#
#.....#.#######
#.............#
#..)..........#
#.............#


You could see an ogre.

Vanquished Creatures
  An orc warrior (D:4)
  A scorpion (D:5)
  2 orc priests
  4 gnolls (D:3)
  5 adders
  An ufetubus (D:5)
  2 dart slugs
  6 orcs
  6 bats
  5 endoplasms
  3 giant cockroaches
  6 goblins
  7 hobgoblins
  8 kobolds
  4 quokkas
  9 ball pythons
  3 frilled lizards
  5 rats
78 creatures vanquished.

Notes
Turn   | Place    | Note
-------+----------+-------------------------------------------
     0 | D:1      | qw the Gargoyle Fighter began the quest for the Orb.
     0 | D:1      | Reached XP level 1. HP: 14/14 MP: 1/1
     0 | D:1      | 0 ||| qw: Version: 0.2-a-29-g0080da8
     0 | D:1      | 0 ||| qw: Game counter: 3847
     0 | D:1      | 0 ||| qw: Always use a shield: true
     0 | D:1      | 0 ||| qw: God list: Okawaru
     0 | D:1      | 0 ||| qw: Allow faded altars: false
     0 | D:1      | 0 ||| qw: Do Orc after D:15 true
     0 | D:1      | 0 ||| qw: Do second Lair branch before Depths: true
     0 | D:1      | 0 ||| qw: Lair rune preference: random
     0 | D:1      | 0 ||| qw: Plans: Normal, Zot:1-4, Slime:5, God:TSO, Crypt,
                  | Tomb, Abyss, Pan, Hells, Win
     0 | D:1      | 0 ||| PLANNING D:1-11
    29 | D:1      | Found Lausk's Assorted Antiques.
    35 | D:1      | 35 ||| SHOPLISTING flail (84 gold, have 0).
    35 | D:1      | 35 ||| SHOPLISTING grey potion (21 gold, have 0).
    35 | D:1      | 35 ||| SHOPLISTING mace (72 gold, have 0).
    35 | D:1      | 35 ||| SHOPLISTING potion of might (96 gold, have 0).
    35 | D:1      | 35 ||| SHOPLISTING scroll labelled BUUXOOMIE (24 gold, have
                  | 0).
    35 | D:1      | 35 ||| SHOPLISTING scroll labelled ROEVAN EZAFA (24 gold,
                  | have 0).
    35 | D:1      | 35 ||| SHOPLISTING viscous pink potion (21 gold, have 0).
    43 | D:1      | Reached skill level 2 in Axes
    83 | D:1      | 83 ||| Stepping ~*~*~tactically~*~*~ (stealth).
    95 | D:1      | Found Itiotoim's Magic Scroll Shoppe.
   107 | D:1      | 107 ||| SHOPLISTING scroll of brand weapon (133 gold, have
                  | 0).
   107 | D:1      | 107 ||| SHOPLISTING scroll of identify (28 gold, have 0).
   107 | D:1      | 107 ||| SHOPLISTING scroll of teleportation (42 gold, have
                  | 0).
   107 | D:1      | Found Caqar's General Store.
   115 | D:1      | 115 ||| SHOPLISTING +5 ring of evasion (360 gold, have 0).
   152 | D:1      | Reached XP level 2. HP: 14/19 MP: 2/2
   525 | D:1      | Found Wutym's Weapon Boutique.
   534 | D:1      | 534 ||| READING scroll labelled AFANKE RYCLYPSYARR.
   595 | D:1      | 595 ||| READING scroll labelled LILEGE DUSAPN.
   732 | D:2      | 732 ||| Stepping ~*~*~tactically~*~*~ (stealth).
   733 | D:2      | 733 ||| Stepping ~*~*~tactically~*~*~ (stealth).
   742 | D:2      | 742 ||| Stepping ~*~*~tactically~*~*~ (hiding).
   811 | D:2      | Reached skill level 3 in Axes
   899 | D:2      | Reached XP level 3. HP: 23/23 MP: 3/3
  1335 | D:2      | 1335 ||| Stepping ~*~*~tactically~*~*~ (hiding).
  1508 | D:2      | 1508 ||| DROPPING orb of light.
  1509 | D:2      | 1509 ||| READING scroll labelled BUUXOOMIE.
  1566 | D:3      | 1566 ||| Stepping ~*~*~tactically~*~*~ (hiding).
  1567 | D:3      | 1567 ||| Stepping ~*~*~tactically~*~*~ (hiding).
  1568 | D:3      | 1568 ||| Stepping ~*~*~tactically~*~*~ (hiding).
  1570 | D:3      | 1570 ||| Stepping ~*~*~tactically~*~*~ (hiding).
  1571 | D:3      | 1571 ||| Stepping ~*~*~tactically~*~*~ (hiding).
  1572 | D:3      | 1572 ||| Stepping ~*~*~tactically~*~*~ (hiding).
  1573 | D:3      | 1573 ||| Stepping ~*~*~tactically~*~*~ (hiding).
  1574 | D:3      | 1574 ||| Stepping ~*~*~tactically~*~*~ (hiding).
  1575 | D:3      | 1575 ||| Stepping ~*~*~tactically~*~*~ (hiding).
  1702 | D:3      | 1702 ||| Stepping ~*~*~tactically~*~*~ (stealth).
  1708 | D:3      | Found a stormy altar of Qazlal.
  1776 | D:3      | Reached XP level 4. HP: 27/28 MP: 4/4
  1782 | D:3      | Reached skill level 4 in Axes
  2040 | D:3      | 2040 ||| Stepping ~*~*~tactically~*~*~ (stealth).
  2042 | D:3      | 2042 ||| Stepping ~*~*~tactically~*~*~ (stealth).
  2075 | D:3      | 2075 ||| Stepping ~*~*~tactically~*~*~ (stealth).
  2077 | D:3      | 2077 ||| Stepping ~*~*~tactically~*~*~ (hiding).
  2269 | D:3      | 2269 ||| Stepping ~*~*~tactically~*~*~ (hiding).
  2273 | D:3      | Reached XP level 5. HP: 32/32 MP: 5/5
  2332 | D:3      | 2332 ||| DROPPING +0 whip.
  2508 | D:3      | 2508 ||| UPGRADING to +0 pair of gloves.
  2513 | D:3      | 2513 ||| UPGRADING to +0 chain mail.
  2523 | D:3      | 2523 ||| DROPPING +0 scale mail.
  2524 | D:3      | 2524 ||| UPGRADING to ring of protection from cold.
  2525 | D:3      | 2525 ||| READING scroll labelled GIEREI WUODIS.
  2526 | D:3      | 2526 ||| READING scroll labelled MAXY SAULL.
  2527 | D:3      | 2527 ||| DRINKING 2 viscous pink potions.
  2527 | D:3      | Gained mutation: Your body sometimes deteriorates upon
                  | taking damage. [potion of mutation]
  2527 | D:3      | Gained mutation: You have a pair of small antennae on your
                  | head. [potion of mutation]
  2543 | D:4      | 2543 ||| Stepping ~*~*~tactically~*~*~ (stealth).
  2559 | D:4      | 2559 ||| Stepping ~*~*~tactically~*~*~ (stealth).
  2574 | D:4      | 2574 ||| Stepping ~*~*~tactically~*~*~ (stealth).
  2591 | D:4      | Reached skill level 5 in Axes
  2834 | D:4      | 2834 ||| READING scroll of enchant armour.
  2834 | D:4      | 2834 ||| ENCHANTING +0 pair of gloves.
  2889 | D:4      | Found a glowing golden altar of the Shining One.
  2895 | D:4      | Found an ornate altar of the Wu Jian Council.
  2949 | D:4      | Noticed an orc warrior
  2969 | D:4      | HP: 8/33 [orc warrior/+0 mace (4)]
  2970 | D:4      | 2970 ||| READING 2 scrolls of teleportation.
  3116 | D:4      | Reached XP level 6. HP: 38/38 MP: 6/6
  3193 | D:4      | Killed an orc warrior
  3310 | D:4      | 3310 ||| UPGRADING to +0 plate armour.
  3320 | D:4      | 3320 ||| DROPPING +0 chain mail.
  3321 | D:4      | 3321 ||| DROPPING ring of wizardry.
  3322 | D:4      | 3322 ||| UPGRADING to +6 ring of dexterity.
  3323 | D:4      | 3323 ||| READING scroll labelled JIVVEC NEFF.
  3324 | D:4      | 3324 ||| READING scroll labelled ZUOCIE SAHIPEN.
  3325 | D:4      | 3325 ||| DRINKING 2 emerald potions.
  3387 | D:5      | Entered Level 5 of the Dungeon
  3436 | D:5      | Reached skill level 1 in Dodging
  3447 | D:5      | Identified the +1 spear of Tipemoaf {drain, rElec Will+
                  | Int+2}
  3462 | D:5      | HP: 1/38 [ogre/+0 giant club (15)]
  3463 | D:5      | 3463 ||| READING scroll of teleportation.
  3464 | D:5      | Demolished by an ogre

Levels and vault maps discovered:
D:1:      nicolae_arrival_washed_ashore, layout_loops_ring, serial_shops,
          nicolae_shop_overgrown_old_shop, nicolae_shop_gibbet_a_chance,
          nicolae_shop_stone, nicolae_shop_just_a_little_nook
D:2:      layout_basic
D:3:      layout_basic, nicolae_overflow_crystal_walls, hex_medium
D:4:      layout_rooms, minitemple, chequers_serial_rivers_micro_d,
          nicolae_nh_ransacked_shop
D:5:      layout_basic

Skill      XL: |  1  2  3  4  5  6 |
---------------+-------------------+-----
Axes           | 2 3 4 5 |  5.6
Fighting       | 4 |  4.2
Dodging        | 1 |  1.4
Armour         | |  3.2
Shields        | |  3.2

Action                     |  1- 3 |  4- 6 || total
---------------------------+-------+-------++-------
  Melee: War axe           |   138 |   128 ||   266
    Use: Scroll            |     3 |     7 ||    10
         Potion            |       |     2 ||     2
 Armour: Scale mail        |    70 |    30 ||   100
         Chain mail        |       |    38 ||    38
         Plate armour      |       |    10 ||    10
  Dodge: Dodged            |    76 |    45 ||   121
  Block: Buckler           |    32 |    23 ||    55

Table legend:
 A = Non-vault XP
 B = Vault XP
 C = Vault XP percentage of total XP
 D = Non-vault monster count
 E = Vault monster count
 F = Vault count percentage of total count
                 A         B        C        D         E       F
            +---------+---------+-------+---------+---------+-------
      Total |     366 |     171 |  31.8 |      74 |       4 |   5.1
            +---------+---------+-------+---------+---------+-------
        D:1 |      20 |       0 |   0.0 |      12 |       0 |   0.0
        D:2 |      38 |       0 |   0.0 |      21 |       0 |   0.0
        D:3 |     161 |       0 |   0.0 |      27 |       0 |   0.0
        D:4 |      56 |     171 |  75.3 |      12 |       4 |  25.0
        D:5 |      91 |       0 |   0.0 |       2 |       0 |   0.0
            +---------+---------+-------+---------+---------+-------
